 Dungeon Crawl Stone Soup version 0.26-a0-252-gb32a1a6195 (webtiles) character file.

Game seed: 13280722645575627635

2324 ICC the Slicer (level 9, -9/44 HPs)
             Began as a Vine Stalker Fighter on July 9, 2020.
             Mangled by loom's ghost (20 damage)
             ... on level 7 of the Dungeon.
             The game lasted 00:24:59 (4745 turns).

ICC the Slicer (Vine Stalker Fighter)               Turns: 4745, Time: 00:24:59

Health: -9/44      AC: 17    Str: 23    XL:     9   Next: 42%
Magic:  0/22       EV:  7    Int:  8    God:
Gold:   286        SH:  5    Dex: 13    Spells: 24/24 levels left

rFire    x . .     SeeInvis .   F - +1 short sword (holy)
rCold    + . .     Faith    .   o - +0 buckler
rNeg     . . .     Spirit   +   n - +0 chain mail
rPois    .         Reflect  .   k - +1 helmet
rElec    .         Harm     .   (no cloak)
rCorr    .                      (no gloves)
MR       +....                  A - +2 pair of boots {Stlth+}
Stlth    ..........             z - amulet of regeneration
HPRegen  0.94/turn              p - ring of ice
MPRegen  0.18/turn              b - +4 ring of protection

@: mighty, lightly drained
A: fangs 3, regeneration 1, magic shield, antimagic bite, no potion heal 3, rot
immunity
a: no special abilities


You were on level 7 of the Dungeon.
You were not hungry.

You visited 2 branches of the dungeon, and saw 8 of its levels.

You collected 286 gold pieces.

Inventory:

Hand Weapons
 w - a +0 rapier
 F - a +1 short sword of holy wrath (weapon)
Missiles
 i - 5 boomerangs (quivered)
Armour
 k - a +1 helmet (worn)
 n - a +0 chain mail (worn)
 o - a +0 buckler (worn)
 A - a +2 pair of boots of stealth (worn)
Jewellery
 b - a +4 ring of protection (right hand)
 c - an uncursed ring of protection from fire
 p - a ring of ice (left hand)
 v - an uncursed ring of resist corrosion
 z - an amulet of regeneration (around neck)
 H - an uncursed ring of positive energy
Wands
 D - a wand of digging (6)
Scrolls
 a - 3 scrolls of remove curse
 e - 2 scrolls of magic mapping
 g - a scroll of fog {unknown}
 j - 4 scrolls of teleportation
 l - 3 scrolls of amnesia
 r - a scroll of identify
 s - a scroll of fear {unknown}
 y - 2 scrolls of enchant armour {unknown}
 C - a scroll of enchant weapon
 E - 2 scrolls of immolation
Potions
 d - 2 potions of might
 h - a potion of cancellation
 m - 2 potions of curing
 t - 2 potions of lignification
 u - a potion of magic
 x - a potion of ambrosia {unknown}
 B - a potion of resistance {unknown}
 G - 2 potions of haste {unknown}
 I - a potion of brilliance {unknown}
Comestibles
 f - 18 rations


   Skills:
 - Level 3.0(2.7) Fighting
 + Level 8.1(7.8) Short Blades
 - Level 2.4(2.1) Armour
 - Level 4.0(3.7) Shields
 - Level 8.0(7.7) Spellcasting


You had 24 spell levels left.
You didn't know any spells.
Your spell library was empty.

Dungeon Overview and Level Annotations

Branches:
Dungeon (7/15)             Temple (1/1) D:6

Altars:
Ashenzari
Cheibriados
Dithmenos
Elyvilon
Fedhas
Gozag
Hepliaklqana
Nemelex Xobeh
Okawaru
Ru
Sif Muna
Uskayaw
Vehumet
Yredelemnul
Zin
The Shining One

Annotations:
D:7 1 transporter, loom's ghost, novice TrBe


Innate Abilities, Weirdness & Mutations

You have razor-sharp teeth.
Your natural rate of healing is unusually fast.
When hurt, damage is shared between your health and your magic reserves.
Your bite disrupts and absorbs the magic of your enemies.
Potions cannot restore your health.
You are immune to rotting.


Message History

You puncture the necrophage!
You destroy the necrophage!
Your Short Blades skill increases to level 8!
You puncture loom's ghost!
Loom's ghost convulses.
Your bite misses loom's ghost.
Loom's ghost is moderately damaged.
Loom's ghost hits you!!
You closely miss loom's ghost. Your bite misses loom's ghost.
Loom's ghost is moderately damaged.
The wight hits you but does no damage.
You puncture loom's ghost!
Loom's ghost convulses!
Loom's ghost is heavily damaged.
Loom's ghost hits you!!
* * * LOW HITPOINT WARNING * * *
x2 You puncture loom's ghost!
Loom's ghost convulses.
Loom's ghost is heavily damaged.
The wight hits you from afar with a +2 halberd of freezing.
* * * LOW HITPOINT WARNING * * *
You feel drained. Loom's ghost hits you!!
You die...

#.......©.....
#.############
#.#....$%$... .
#.#........?
..##.#..##...##
.....#..#8...8# .
.....#..##(☼.##..#.
#.#.@Wz§☼.....#.
#.#..##☼..##..#.#
#.#..#8...8#..#.#
#.#..##z..##..#.#
#.#...........#.#
...#..........©#.#
###.#############.#
#.......©.......#
######...######


You could see a wight and loom's ghost.

Vanquished Creatures
  The ghost of PirateVox the Skirmisher, an amateur HOFi (D:5)
  A hippogriff (D:7)
  A wraith (D:7)
  Menkaure (D:5)
  A sky beast (D:5)
  2 ice beasts
  2 phantoms (D:5)
  A necrophage (D:7)
  2 ogres (D:4)
  Blork the orc (D:6)
  A bullfrog (D:7)
  A hornet simulacrum (D:7)
  3 jellies
  4 hounds
  4 orc priests
  Ijyb (D:5)
  5 orc wizards
  A worker ant (D:6)
  10 adders
  3 gnolls (D:6)
  An ufetubus (D:6)
  An adder skeleton (D:7)
  2 dart slugs
  4 leopard geckos
  29 orcs
  4 bats
  2 giant cockroaches
  12 goblins
  10 hobgoblins
  10 jackals
  5 kobolds
  3 quokkas
  A ball python (D:3)
  2 frilled lizards
  6 rats
138 creatures vanquished.

Notes
Turn   | Place    | Note
-------+----------+-------------------------------------------
     0 | D:1      | ICC the Vine Stalker Fighter began the quest for the Orb.
     0 | D:1      | Reached XP level 1. HP: 11/11 MP: 2/2
   137 | D:1      | Reached skill level 1 in Spellcasting
   137 | D:1      | Reached XP level 2. HP: 11/16 MP: 2/4
  1027 | D:1      | Reached XP level 3. HP: 19/20 MP: 6/6
  1065 | D:2      | HP: 1/20 [poisoned by an adder]
  1457 | D:2      | Gained mutation: Your natural rate of healing is unusually
                  | fast. [Vine Stalker growth]
  1457 | D:2      | Reached XP level 4. HP: 11/24 MP: 8/8
  1897 | D:3      | Reached XP level 5. HP: 28/28 MP: 11/11
  2365 | D:3      | Found a hazy altar of Hepliaklqana.
  2371 | D:3      | Reached XP level 6. HP: 32/32 MP: 13/13
  2374 | D:3      | Found a shadowy altar of Dithmenos.
  2374 | D:3      | Noticed a shadow
  2419 | D:3      | Found a faded altar of an unknown god.
  2857 | D:4      | Reached skill level 5 in Spellcasting
  2937 | D:4      | Reached XP level 7. HP: 36/36 MP: 15/15
  3251 | D:5      | Entered Level 5 of the Dungeon
  3394 | D:5      | Found a blossoming altar of Fedhas.
  3418 | D:5      | Found an iron altar of Okawaru.
  3454 | D:5      | Noticed Menkaure
  3456 | D:5      | Killed Menkaure
  3456 | D:5      | Gained mutation: You have razor-sharp teeth. [Vine Stalker
                  | growth]
  3456 | D:5      | Reached XP level 8. HP: 40/40 MP: 13/18
  3567 | D:5      | Noticed Ijyb
  3580 | D:5      | Killed Ijyb
  3692 | D:5      | Found a runed translucent door.
  3697 | D:5      | Noticed PirateVox's ghost (amateur HOFi)
  3718 | D:5      | Killed PirateVox's ghost
  3718 | D:5      | Reached skill level 5 in Short Blades
  3778 | D:6      | Found a staircase to the Ecumenical Temple.
  3805 | Temple   | Entered the Ecumenical Temple
  3959 | D:6      | Noticed Blork the orc
  3969 | D:6      | Killed Blork the orc
  4354 | D:6      | Reached XP level 9. HP: 39/44 MP: 16/22
  4615 | D:6      | Found a shimmering blue altar of Sif Muna.
  4700 | D:7      | Found a transporter.
  4700 | D:7      | Noticed loom's ghost (novice TrBe)
  4711 | D:7      | Found a transporter.
  4745 | D:7      | Mangled by loom's ghost

Illustrated notes

Levels and vault maps discovered:
D:1:      nagdon_arrival_double_spiral, layout_basic
D:2:      minmay_alternating_diamond, layout_loops_ring, serial_bayou_pond_c
D:3:      layout_loops_ring, riverfiend_overflow_shadow_ancestor, serial_glass,
          glass_columns_c, glass_columns_b, chequers_ecumenical_altar_lobes
D:4:      layout_gridville, first_ration, hangedman_decor_peaks_small,
          dk_noncrumbling_4
D:5:      layout_basic, kennysheep_mini_moat, ebering_ghost_reflecting_pool,
          basic_altar, minmay_crystal_room, uniq_ijyb, uniq_menkaure
D:6:      layout_loops_ring, temple_pool_b, nicolae_benzene_ring,
          lemuel_blue_sif_altar, uniq_blork_the_orc
D:7:      layout_loops_ring, bloody_trog, gammafunk_ghost_mausoleum,
          grunt_ogre_cave, uniq_duvessa, uniq_crazy_yiuf_cottage
Temple:   nicolae_temple_x_marks_the_god

Skill      XL: |  1  2  3  4  5  6  7  8  9 |
---------------+----------------------------+-----
Spellcasting   | 1 2 3 4 5 6 8 |  8.0
Short Blades   | 2 3 4 6 8 |  8.1
Fighting       | 3 |  3.0
Shields        | 3 4 |  4.0
Armour         | |  2.4

Action                   |  1- 3 |  4- 6 |  7- 9 || total
-------------------------+-------+-------+-------++-------
Melee: Rapier            |    93 |   180 |    85 ||   358
       Bite              |    17 |    46 |    75 ||   138
       Short sword       |       |       |   128 ||   128
Throw: Boomerang         |    15 |    18 |    21 ||    54
Evoke: Wand              |       |     7 |    10 ||    17
  Use: Scroll            |     5 |     1 |     5 ||    11
       Potion            |       |       |     1 ||     1
  Eat: Ration            |     1 |     1 |     2 ||     4
Armor: Scale mail        |    53 |    18 |       ||    71
       Chain mail        |       |    51 |    72 ||   123
Dodge: Dodged            |    41 |    65 |    36 ||   142
Block: Buckler           |       |    24 |    35 ||    59

Table legend:
 A = Non-vault XP
 B = Vault XP
 C = Vault XP percentage of total XP
 D = Non-vault monster count
 E = Vault monster count
 F = Vault count percentage of total count
                 A         B        C        D         E       F
            +---------+---------+-------+---------+---------+-------
      Total |    2297 |    1023 |  30.8 |     124 |      14 |  10.1
            +---------+---------+-------+---------+---------+-------
        D:1 |      43 |       0 |   0.0 |      17 |       0 |   0.0
        D:2 |      40 |      13 |  24.5 |      12 |       6 |  33.3
        D:3 |     241 |       0 |   0.0 |      36 |       0 |   0.0
        D:4 |     445 |       0 |   0.0 |      23 |       0 |   0.0
        D:5 |     635 |     527 |  45.4 |      16 |       3 |  15.8
        D:6 |     387 |     100 |  20.5 |      16 |       1 |   5.9
        D:7 |     506 |     383 |  43.1 |       4 |       4 |  50.0
            +---------+---------+-------+---------+---------+-------
